 Dungeon Crawl Stone Soup version 0.19.5 (webtiles) character file.

202250 Rozenbaumfricks the Warrior (level 18, -1/160 HPs)
             Began as a Demonspawn Fighter on Apr 18, 2017.
             Blown up by an orb spider (24 damage)
             ... with an orb of destruction
             ... on level 4 of the Spider Nest.
             The game lasted 04:01:20 (55811 turns).

Rozenbaumfricks the Warrior (Demonspawn Fighter)   Turns: 55811, Time: 04:01:22

Health: -1/160     AC: 35    Str: 24 (25) XL:     18   Next: 32%
Magic:  0/20       EV: 14    Int: 10      God:
Gold:   1637       SH: 10    Dex: 21      Spells: 0 memorised, 17 levels left

rFire  + + +     SeeInvis .     V - +3 demon blade (protect)
rCold  + + +     Gourm    .     E - +9 plate armour of Narcissism {rC+ Str+3 Dex+4}
rNeg   + . .     Faith    +     c - +0 shield
rPois  +         Spirit   +     o - +2 hat
rElec  +         Reflect  .     k - +2 cloak
rCorr  +         Harm     .     (no gloves)
MR     ++...                    (boots unavailable)
Stlth  ..........               W - amulet "Cuorefix" {Faith rF+}
                                d - +3 ring of evasion
                                T - ring of protection from magic

@: resistant (expiring)
A: antennae 1, hooves 3, molten scales 2, agile 1, cold resistance 1, fire
resistance 1, negative energy resistance 1, nightstalker 1, magic shield, magic
regeneration
a: no special abilities


You were on level 4 of the Spider Nest.
You were not hungry.

You visited 8 branches of the dungeon, and saw 33 of its levels.

You collected 2992 gold pieces.
You spent 1355 gold pieces at shops.

Inventory:

Hand Weapons
 t - the +0 dagger "Gram" {pierce, +Fly Int+4 Dex+2}
   (You found it on level 4 of the Lair of Beasts)

   It inflicts extra damage upon your enemies.
   It affects your intelligence (+4).
   It affects your dexterity (+2).
   It lets you fly.
 V - a +3 demon blade of protection (weapon)
Missiles
 q - 14 tomahawks (quivered)
Armour
 c - a +0 shield (worn)
 k - a +2 cloak (worn)
 o - a +2 hat (worn)
 E - the +9 plate armour of Narcissism (worn) {rC+ Str+3 Dex+4}
   (You found it on level 8 of the Dungeon)

   It affects your strength (+3).
   It affects your dexterity (+4).
   It protects you from cold.
Jewellery
 d - a +3 ring of evasion (right hand)
 g - an uncursed ring of see invisible
 n - an uncursed ring of fire
 H - an uncursed amulet of the gourmand
 I - an uncursed ring of poison resistance
 J - an uncursed ring of protection from fire
 P - an uncursed ring of resist corrosion
 T - a ring of protection from magic (left hand)
 W - the amulet "Cuorefix" (around neck) {Faith rF+}
   (You acquired it on level 14 of the Dungeon)

   [amulet of faith]

   It allows you to gain divine favour quickly.
   It protects you from fire.
Wands
 p - a wand of flame (32/48)
 x - a wand of iceblast (3/15)
 y - a wand of polymorph (8/24)
 N - a wand of flame (23/48)
 R - a wand of digging (14/24)
 Y - a wand of digging (6/24)
Scrolls
 a - 3 scrolls of magic mapping
 b - a scroll of holy word
 e - a scroll of enchant armour
 h - 6 scrolls of fog
 r - a scroll of enchant weapon
 s - 4 scrolls of recharging
 u - 4 scrolls of identify
 w - 6 scrolls of remove curse
 K - 6 scrolls of amnesia
Potions
 i - 4 potions of flight
 v - a potion of cure mutation
 B - 2 potions of resistance
 D - a potion of brilliance
 X - a potion of curing
Miscellaneous
 L - a disc of storms
Comestibles
 f - 19 bread rations
 j - 25 slices of pizza
 l - 15 meat rations
 m - 21 fruits
 G - 4 beef jerkies


   Skills:
 + Level 19.1 Fighting
 - Level 4.2(9.6) Short Blades
 + Level 13.0(13.3) Long Blades
 - Level 1.8 Throwing
 + Level 17.3 Armour
 + Level 8.6 Dodging
 + Level 6.7 Stealth
 - Level 3.4 Shields
 + Level 3.6 Evocations


You had 17 spell levels left.
You didn't know any spells.

Dungeon Overview and Level Annotations

Branches:
Dungeon (15/15)            Temple (1/1) D:5            Lair (6/6) D:11
 Shoals (0/4) Lair:4       Spider (4/4) Lair:2        Slime (1/5) Lair:6
    Orc (2/2) D:12            Elf (1/3) Orc:2        Vaults (0/5) D:14
 Depths (3/5) D:15

Altars:
Ashenzari
Cheibriados
Dithmenos
Elyvilon
Fedhas
Gozag
Hepliaklqana
Kikubaaqudgha
Makhleb
Nemelex Xobeh
Okawaru
Qazlal
Ru
Sif Muna
Trog
Uskayaw
Vehumet
Xom
Yredelemnul
Zin
The Shining One
Beogh

Shops:
D:9 (   D:13 (   D:15 [   Orc:2 (}((   Depths:2 =}=

Portals:
Hell: Depths:1 Depths:2
Ziggurat: Depths:1


Innate Abilities, Weirdness & Mutations

You have hooves in place of feet.
You are mostly covered in molten scales. (AC +3)
You resist negative energy. (rN+)
You are slightly more attuned to the shadows.
When hurt, damage is shared between your health and your magic reserves.
You regenerate magic rapidly.
You have a pair of small antennae on your head.
You are agile. (Dex +2)
Your flesh is cold resistant. (rC+)
Your flesh is heat resistant. (rF+)


Message History

Throwing (i - inventory. (,) - cycle):
z - 2 javelins (quivered)
Press: ? - help, Shift-Dir - straight line, f/p - orb spider
Aim: an orb spider (moderately wounded, fully charged, clinging)
You throw a javelin. The javelin hits the orb spider!
The orb spider is heavily wounded.
You hear a splash.
The jumping spider leaps!
The orb spider weaves a glowing orb of energy.
An orb of destruction comes into view.
Throwing (i - inventory. (,) - cycle):
z - a javelin (quivered)
Press: ? - help, Shift-Dir - straight line, f/p - orb spider
Aim: an orb spider (heavily wounded, clinging)
You throw a javelin. The javelin hits the orb spider!
The orb spider is severely wounded.
You hear a splash.
You feel less woody.
Your +2 cloak unmelds from your body.
Your +2 hat unmelds from your body.
The +9 plate armour of Narcissism {rC+ Str+3 Dex+4} unmelds from your body.
The jumping spider leaps!
The orb of destruction hits you!
You die...

#^.......^..<.....8.8.#^....#
^...............)...^.#..#..#
#..^..............###.#.y^..#
##..†..........^≈## ###≈....#
###..^.........≈≈#####≈#...#
#..^..........^≈≈s(##≈≈≈...#
###.............≈≈§(≈≈≈≈≈^^.#
#.....^.........≈§##≈≈≈≈≈..^#
##.^.....<......@#####s≈≈...#
##..............## ###≈≈...#
#........s.....^##.##≈.#..#
#...................#..≈..#
##^..............8.8.#.....#
#^......#...^.....§..#.....
##.^.......^..§..^....#
.........^....^...8.8.#
.............^........#


You could see an orb spider and a jumping spider.

Vanquished Creatures
  Arachne (Spider:3)
  Gastronok (Lair:3)
  The ghost of Artagas the Warrior, an adept MiBe of Trog (Spider:1)
  4 fire giants
  3 frost giants
  3 ghost moths
  3 emperor scorpions
  8 stone giants
  A very ugly thing (Depths:1)
  A vampire knight (D:15)
  2 entropy weavers
  2 spark wasps
  Azrael (D:13)
  5 ettins
  5 fire dragons
  Erolcha (Orc:1)
  5 vault guards
  2 ice dragons
  2 rakshasas
  11 hydras
  A yaktaur captain (Depths:1)
  A great orb of eyes (Depths:2)
  A catoblepas (Lair:2)
  3 centaur warriors
  A spriggan air mage (Depths:2)
  10 ogre magi
  The ghost of GordonOverkill the Basher, a novice OgCK of Xom (D:8)
  A hell hog (Depths:2)
  A deep troll earth mage (D:15)
  4 hell knights
  The ghost of Enroth the Cleaver, a journeyman VSBe of Trog (D:11)
  4 tengu warriors (Depths:1)
  A fire crab (shapeshifter) (D:14)
  4 skeletal warriors (D:15)
  4 deep trolls
  A flayed ghost (Depths:1)
  The ghost of et2088 the Archer, a novice NaHu (D:7)
  Pikel (D:7)
  5 hill giants
  A necromancer (Depths:1)
  2 orc knights
  11 orb spiders
  32 wolf spiders
  24 ugly things
  A manticore (D:11)
  5 deep elf magi
  3 orc sorcerers
  3 cyclopes
  7 elephants (Lair:5)
  4 black mambas
  Psyche (D:10)
  A torpor snail (Spider:1)
  4 gargoyles
  13 spiny frogs
  4 rime drakes
  16 demonic crawlers
  An efreet (D:14)
  4 kobold demonologists (D:15)
  A spectral redback (Spider:4)
  3 yaktaurs
  18 komodo dragons
  A freezing wraith (D:15)
  3 tengu conjurers
  10 trolls
  39 jumping spiders
  A wind drake (shapeshifter) (D:14)
  5 polar bears
  15 two-headed ogres
  4 blink frogs (Lair:3)
  8 hornets
  3 slime creatures
  6 dream sheep (Lair:4)
  17 hippogriffs
  A jumping spider zombie (Spider:4)
  84 redbacks
  2 water elementals (Depths:1)
  11 spriggans (Lair:6)
  3 shadows
  42 tarantellas
  2 wyverns
  2 vampires (D:11)
  A tarantella (shapeshifter) (D:14)
  4 fire elementals (D:13)
  2 humans
  5 wraiths
  A hungry ghost (D:8)
  A fire bat (shapeshifter) (Depths:1)
  14 yaks
  3 basilisks
  2 mottled dragons
  9 vampire mosquitoes
  2 wargs
  3 hell hounds (D:13)
  Duvessa (D:7)
  16 water moccasins
  11 porcupines
  A hornet zombie (D:15)
  2 slaves (D:7)
  4 ice beasts
  7 sky beasts
  40 orc warriors
  2 necrophages
  6 black bears
  47 ogres
  39 wolves
  A black bear (shapeshifter) (Depths:1)
  2 phantoms
  11 boggarts
  20 centaurs
  An ogre (shapeshifter) (Depths:2)
  10 crocodiles
  11 big kobolds
  2 elf zombies (D:7)
  Blork the orc (D:4)
  16 bullfrogs
  2 gnoll sergeants (D:12)
  Dowan (D:7)
  A wyvern zombie (D:11)
  5 scorpions
  11 killer bees
  3 wights (D:14)
  3 howler monkeys (D:8)
  A troll skeleton (D:7)
  6 electric eels
  7 crimson imps
  8 centaur zombies
  A bullfrog skeleton (D:11)
  4 human zombies (D:7)
  11 orc priests
  7 hounds
  5 jellies
  17 orc wizards
  8 centaur skeletons
  Terence (D:2)
  4 iguanas
  2 hell rats (Lair:3)
  A worker ant (shapeshifter) (Depths:2)
  14 worker ants
  An ogre zombie (D:7)
  5 hound skeletons
  2 mummies (D:7)
  2 worker ant zombies
  A howler monkey skeleton (D:5)
  17 adders
  6 gnolls
  10 river rats (Lair:3)
  5 shadow imps
  3 white imps
  An adder zombie (D:6)
  3 worms
  3 dart slugs
  6 leopard geckos
  79 orcs
  A ball python (D:1)
  7 bats
  4 giant cockroaches
  4 hobgoblins
  11 jackals
  3 quokkas
  7 frilled lizards
  13 goblins
  24 kobolds
  9 rats
  A fungus (Lair:1)
1175 creatures vanquished.

Vanquished Creatures (collateral kills)
  Asterion (Depths:2)
  A rakshasa (Depths:2)
  Harold (Lair:4)
  A deep troll earth mage (Depths:2)
  3 deep trolls (Depths:2)
  A wolf spider (Spider:1)
  A jumping spider (Spider:1)
  9 redbacks (Spider:1)
  5 tarantellas (Spider:1)
23 creatures vanquished.

Vanquished Creatures (others)
  A fire giant (Depths:2)
  A wolf spider (Spider:4)
  A tengu conjurer (D:14)
  A jumping spider (Spider:4)
  A tarantella (Spider:4)
  A redback (Spider:4)
  A necrophage (D:15)
  A bullfrog (D:7)
  An orc wizard (Orc:2)
  An adder (D:7)
  19 fungi
  3 plants
32 creatures vanquished.

Grand Total: 1230 creatures vanquished

Notes
Turn   | Place    | Note
-------+----------+-------------------------------------------
     0 | D:1      | Rozenbaumfricks the Demonspawn Fighter began the quest for the Orb.
     0 | D:1      | Reached XP level 1. HP: 18/18 MP: 1/1
   349 | D:1      | Gained mutation: You are slightly more attuned to the shadows. [demonic ancestry]
   349 | D:1      | Reached XP level 2. HP: 24/24 MP: 2/2
   970 | D:2      | Gained mutation: You are partially covered in molten scales. (AC +2) [demonic ancestry]
   970 | D:2      | Reached XP level 3. HP: 18/29 MP: 3/3
  1154 | D:2      | Noticed Terence
  1168 | D:2      | Killed Terence
  1171 | D:2      | Reached XP level 4. HP: 20/35 MP: 4/4
  1202 | D:2      | Found a white marble altar of Elyvilon.
  1267 | D:2      | Reached skill level 1 in Dodging
  1674 | D:2      | Found a bloodstained altar of Trog.
  1986 | D:3      | Found an iron altar of Okawaru.
  2467 | D:4      | Reached XP level 5. HP: 36/41 MP: 5/5
  2712 | D:4      | Noticed Blork the orc
  3136 | D:4      | Killed Blork the orc
  3136 | D:4      | Reached XP level 6. HP: 26/48 MP: 6/6
  3346 | D:4      | Got a faintly humming leather armour
  3357 | D:4      | Identified the +3 leather armour of Fosac {Str+4} (You found it on level 4 of the Dungeon)
  3537 | D:4      | Found a shadowy altar of Dithmenos.
  3576 | D:5      | Entered Level 5 of the Dungeon
  3641 | D:5      | Reached skill level 4 in Fighting
  3642 | D:5      | Reached XP level 7. HP: 34/54 MP: 7/7
  4078 | D:5      | Found a staircase to the Ecumenical Temple.
  4083 | Temple   | Entered the Ecumenical Temple
  4631 | D:6      | Reached skill level 5 in Long Blades
  4631 | D:6      | Reached skill level 1 in Stealth
  4879 | D:6      | Got a faintly glowing ring mail
  4890 | D:6      | Identified the +1 ring mail of the Hidden Vale {Stlth+} (You found it on level 6 of the Dungeon)
  5046 | D:6      | Found a shattered altar of Ashenzari.
  5091 | D:6      | Gained mutation: You are mostly covered in molten scales. (AC +3) [demonic ancestry]
  5091 | D:6      | Reached XP level 8. HP: 56/61 MP: 8/8
  5318 | D:6      | Found an ancient bone altar of Kikubaaqudgha.
  5360 | D:6      | Reached skill level 5 in Fighting
  5599 | D:7      | Noticed Duvessa
  5601 | D:7      | Noticed Dowan
  5613 | D:7      | Killed Duvessa
  5695 | D:7      | Killed Dowan
  5947 | D:7      | Reached skill level 1 in Short Blades
  5970 | D:7      | Noticed et2088's ghost (novice NaHu)
  6224 | D:7      | Noticed a hippogriff
  6389 | D:7      | Killed a hippogriff
  6394 | D:7      | Reached XP level 9. HP: 22/69 MP: 9/9
  6710 | D:7      | Killed et2088's ghost
  6710 | D:7      | Reached skill level 6 in Fighting
  6743 | D:7      | Noticed Pikel
  6779 | D:7      | Killed Pikel
  6779 | D:7      | Reached skill level 5 in Dodging
  6807 | D:7      | Gained mutation: You evolve. [potion of beneficial mutation]
  6867 | D:7      | Reached skill level 7 in Fighting
  7389 | D:7      | Reached skill level 5 in Armour
  7480 | D:7      | Found a basalt altar of Yredelemnul.
  7710 | D:8      | Noticed GordonOverkill's ghost (novice OgCK)
  7754 | D:8      | Killed GordonOverkill's ghost
  7754 | D:8      | Reached skill level 8 in Fighting
  7754 | D:8      | Reached XP level 10. HP: 60/81 MP: 10/10
  8004 | D:8      | Gained mutation: You have large cloven feet. [evolution]
  8413 | D:8      | Got a distressingly furry plate armour
  8424 | D:8      | Identified the +9 plate armour of Narcissism {rC+ Str+3 Dex+4} (You found it on level 8 of the Dungeon)
  8515 | D:8      | Reached skill level 9 in Fighting
  8578 | D:8      | You fall through a shaft!
  8625 | D:9      | Noticed a gargoyle
  8751 | D:9      | Killed a gargoyle
  8922 | D:9      | Found a sacrificial altar of Ru.
  9146 | D:9      | Found Luef's Weapon Boutique.
  9207 | D:9      | Reached skill level 5 in Stealth
  9846 | D:10     | Entered Level 10 of the Dungeon
 10872 | D:10     | Noticed Psyche
 11039 | D:10     | Killed Psyche
 11039 | D:10     | Gained mutation: You have hoof-like feet. [demonic ancestry]
 11039 | D:10     | Reached XP level 11. HP: 85/90 MP: 11/11
 11217 | D:11     | Noticed Enroth's ghost (journeyman VSBe)
 11218 | D:11     | Gained mutation: Your flesh is heat resistant. (rF+) [potion of mutation]
 11218 | D:11     | Gained mutation: You have a pair of small antennae on your head. [potion of mutation]
 11432 | D:11     | Reached skill level 10 in Fighting
 11507 | D:11     | Noticed a hill giant
 11518 | D:11     | Killed a hill giant
 12185 | D:11     | Noticed a hill giant
 12198 | D:11     | Killed a hill giant
 12220 | D:11     | Gained mutation: You are agile. (Dex +2) [evolution]
 12380 | D:11     | Found a staircase to the Lair.
 12393 | Lair:1   | Entered Level 1 of the Lair of Beasts
 12987 | Lair:1   | Reached skill level 11 in Fighting
 14585 | Lair:2   | Reached XP level 12. HP: 90/100 MP: 12/12
 15017 | Lair:2   | Gained mutation: Your flesh is cold resistant. (rC+) [evolution]
 15560 | Lair:2   | Reached skill level 10 in Armour
 15588 | Lair:2   | Reached skill level 12 in Fighting
 16370 | Lair:2   | Found a hole to the Spider Nest.
 16689 | Lair:2   | Noticed a catoblepas
 16709 | Lair:2   | Killed a catoblepas
 17102 | D:11     | Noticed a four-headed hydra
 17117 | D:11     | Killed a four-headed hydra
 17150 | D:11     | Lost mutation: Your flesh is heat resistant. (rF+) [evolution]
 17270 | D:11     | Killed Enroth's ghost
 17270 | D:11     | Reached skill level 1 in Evocations
 17469 | D:11     | Noticed a five-headed hydra
 17504 | D:11     | Killed a five-headed hydra
 17817 | D:11     | Found a shimmering altar of Xom.
 17817 | D:11     | Found a shimmering altar of Xom.
 17818 | D:11     | Found a shimmering altar of Xom.
 17820 | D:11     | Found a shimmering altar of Xom.
 17820 | D:11     | Found a shimmering altar of Xom.
 17821 | D:11     | Found a shimmering altar of Xom.
 17821 | D:11     | Found a shimmering altar of Xom.
 17867 | D:11     | Found a shimmering altar of Xom.
 17875 | D:11     | Found a shimmering altar of Xom.
 17875 | D:11     | Found a shimmering altar of Xom.
 18296 | D:12     | Noticed a seven-headed hydra
 18316 | D:11     | Reached skill level 1 in Throwing
 19216 | D:12     | Found a sacrificial altar of Ru.
 19341 | D:12     | Reached skill level 13 in Fighting
 19383 | D:12     | Found a shadowy altar of Dithmenos.
 19439 | D:11     | Killed a seven-headed hydra
 19519 | D:12     | Gained mutation: When hurt, damage is shared between your health and your magic reserves. [demonic ancestry]
 19519 | D:12     | Reached XP level 13. HP: 86/111 MP: 14/14
 19893 | D:12     | Found a staircase to the Orcish Mines.
 20149 | Orc:1    | Entered Level 1 of the Orcish Mines
 20431 | Orc:1    | Noticed Erolcha
 20443 | Orc:1    | Killed Erolcha
 20918 | Orc:2    | Entered Level 2 of the Orcish Mines
 20947 | Orc:2    | Found a roughly hewn altar of Beogh.
 21127 | Orc:2    | Gained mutation: Your flesh is heat resistant. (rF+) [evolution]
 21755 | Orc:2    | Found a staircase to the Elven Halls.
 22582 | Orc:2    | Found Natunips's Antique Weapon Shop.
 22582 | Orc:2    | Found Jyssoux's Gadget Emporium.
 22583 | Orc:2    | Found Gumael's Weapon Shoppe.
 22585 | Orc:2    | Found Rekhakag's Weapon Boutique.
 22623 | Orc:2    | Bought a sack of spiders for 260 gold pieces
 22623 | Orc:2    | Bought a sack of spiders for 260 gold pieces
 22623 | Orc:2    | Bought a box of beasts for 260 gold pieces
 22889 | Elf:1    | Entered Level 1 of the Elven Halls
 23278 | D:13     | Reached skill level 14 in Fighting
 23323 | D:13     | Found a shattered altar of Ashenzari.
 23606 | D:13     | Found Taibb's Weapon Shoppe.
 23627 | D:13     | Noticed Azrael
 23700 | D:13     | Killed Azrael
 24206 | D:14     | Noticed a fire dragon
 24458 | D:13     | Killed a fire dragon
 24525 | D:13     | Gained mutation: You have hooves in place of feet. [demonic ancestry]
 24525 | D:13     | Reached XP level 14. HP: 66/121 MP: 8/16
 25087 | D:14     | Paralysed by a hornet for 1 turns
 26585 | D:14     | Reached skill level 15 in Fighting
 26589 | D:14     | Identified a scroll of acquirement
 26594 | D:14     | Got a pitted garnet amulet
 26596 | D:14     | Identified the amulet "Cuorefix" {Faith rF+} (You acquired it on level 14 of the Dungeon)
 26621 | D:14     | Found a gate to the Vaults.
 26890 | D:15     | Entered Level 15 of the Dungeon
 26923 | D:15     | Found Jyid's Armour Shop.
 27765 | D:15     | Found a shadowy altar of Dithmenos.
 29190 | Lair:3   | Noticed Gastronok
 29547 | Lair:3   | Killed Gastronok
 30597 | Lair:4   | Got a crude dagger
 30610 | Lair:4   | Identified the cursed +0 dagger "Gram" {pierce, +Fly Int+4 Dex+2} (You found it on level 4 of the Lair of Beasts)
 30831 | Lair:4   | Noticed Harold
 30854 | Lair:4   | Killed Harold
 30888 | Lair:4   | Found a staircase to the Shoals.
 31913 | Lair:5   | Gained mutation: You regenerate magic rapidly. [demonic ancestry]
 31913 | Lair:5   | Reached XP level 15. HP: 110/130 MP: 17/17
 32234 | Lair:5   | Reached skill level 16 in Fighting
 32930 | Lair:6   | Entered Level 6 of the Lair of Beasts
 33062 | Lair:6   | Found a staircase to the Slime Pits.
 33134 | Slime:1  | Entered Level 1 of the Pits of Slime
 33137 | Slime:1  | Noticed an acid blob
 33775 | Lair:6   | Reached skill level 15 in Armour
 33919 | Lair:6   | Gained mutation: You expend magic power (3 MP) to strengthen your wands. [evolution]
 35571 | Spider:1 | Entered Level 1 of the Spider Nest
 36161 | Spider:1 | Noticed Artagas's ghost (adept MiBe)
 36183 | Spider:1 | Killed Artagas's ghost
 37006 | D:15     | Reached skill level 17 in Fighting
 37805 | D:15     | Found a staircase to the Depths.
 38045 | D:15     | Paralysed by an orc sorcerer for 3 turns
 38398 | Depths:1 | Entered Level 1 of the Depths
 39099 | D:15     | Reached XP level 16. HP: 94/141 MP: 12/18
 40367 | Depths:1 | Got an encrusted great mace
 40373 | Depths:1 | Identified the +8 great mace "Yrphije" {crush, -Tele rF+ rN+} (You found it on level 1 of the Depths)
 40452 | Depths:1 | Found a gateway to Hell.
 40820 | Depths:1 | Found a gateway to a ziggurat.
 41703 | Depths:1 | Lost mutation: You expend magic power (3 MP) to strengthen your wands. [evolution]
 41703 | Depths:1 | Lost mutation: You evolve. [end of evolution]
 42168 | D:15     | Paralysed by something for 6 turns
 43187 | Depths:2 | Noticed a tengu reaver
 43435 | Depths:1 | Reached skill level 18 in Fighting
 44280 | Depths:2 | Found Buuseid's Jewellery Emporium.
 44282 | Depths:2 | Found Lozahiza's Jewellery Emporium.
 44282 | Depths:2 | Found Luawkio's Gadget Boutique.
 44304 | Depths:2 | Noticed Asterion
 44321 | Depths:2 | Killed Asterion
 44616 | Depths:2 | Found Seammiv's Food Boutique.
 44640 | Depths:2 | Bought 3 fruits for 58 gold pieces
 44640 | Depths:2 | Bought a bread ration for 65 gold pieces
 44640 | Depths:2 | Bought a slice of pizza for 19 gold pieces
 44640 | Depths:2 | Bought 4 fruits for 78 gold pieces
 44640 | Depths:2 | Bought a meat ration for 65 gold pieces
 44640 | Depths:2 | Bought a beef jerky for 19 gold pieces
 44640 | Depths:2 | Bought a beef jerky for 19 gold pieces
 44640 | Depths:2 | Bought a slice of pizza for 19 gold pieces
 44640 | Depths:2 | Bought a bread ration for 65 gold pieces
 44640 | Depths:2 | Bought a beef jerky for 19 gold pieces
 44640 | Depths:2 | Bought a meat ration for 65 gold pieces
 44640 | Depths:2 | Bought a meat ration for 65 gold pieces
 44640 | Depths:2 | Bought a slice of pizza for 19 gold pieces
 45031 | Depths:2 | Paralysed by an ogre mage for 2 turns
 45178 | Depths:2 | Reached XP level 17. HP: 142/150 MP: 19/19
 45214 | Depths:2 | Noticed a lich
 45228 | Depths:2 | Noticed a Hell Sentinel
 45280 | Depths:1 | Reached skill level 10 in Long Blades
 45495 | Depths:2 | Paralysed by a great orb of eyes for 3 turns
 47100 | D:15     | Paralysed by a vampire knight for 4 turns
 51993 | Spider:4 | Entered Level 4 of the Spider Nest
 51996 | Spider:4 | Paralysed by a hornet for 1 turns
 52520 | Spider:3 | Gained mutation: You resist negative energy. (rN+) [demonic ancestry]
 52520 | Spider:3 | Reached XP level 18. HP: 154/159 MP: 20/20
 52890 | Spider:4 | Noticed Arachne
 53175 | Spider:3 | Killed Arachne
 53201 | Spider:3 | Reached skill level 19 in Fighting
 55787 | Spider:4 | HP: 12/240 [spark wasp (4)]
 55793 | Spider:4 | HP: 11/240 [jumping spider zombie (4)]
 55811 | Spider:4 | Blown up by an orb spider

Skill      XL: |  1  2  3  4  5  6  7  8  9 10 11 12 13 14 15 16 17 18 |
---------------+-------------------------------------------------------+-----
Armour         | 3 4 5 6 9 11 13 14 15 16 17 | 17.3
Long Blades    | 2 3 4 5 6 9 12 13 | 13.0
Shields        | 3 |  3.4
Dodging        | 1 2 3 4 6 7 8 |  8.6
Fighting       | 4 5 8 9 11 13 14 15 17 18 19 | 19.1
Stealth        | 1 3 5 6 |  6.7
Short Blades   | 2 4 |  4.2
Evocations     | 2 3 |  3.6
Throwing       | 1 |  1.8

Action                   |  1- 3 |  4- 6 |  7- 9 | 10-12 | 13-15 | 16-18 || total
-------------------------+-------+-------+-------+-------+-------+-------++-------
Melee: Long sword        |   117 |   190 |   154 |       |       |       ||   461
       Rapier            |       |       |   296 |  1754 |  3182 |   327 ||  5559
       Kick              |       |       |       |       |  1205 |  1293 ||  2498
       Dagger            |       |       |       |       |    89 |       ||    89
       Demon blade       |       |       |       |       |       |  1823 ||  1823
Throw: Tomahawk          |       |     3 |       |     4 |     8 |   143 ||   158
       Throwing net      |       |       |       |     2 |     5 |     2 ||     9
       Javelin           |       |       |       |       |       |     4 ||     4
 Abil: Evoke Flight      |       |       |       |       |     4 |       ||     4
Evoke: Wand              |       |       |       |    26 |     2 |    14 ||    42
       Sack of spiders   |       |       |       |       |     6 |       ||     6
       Box of beasts     |       |       |       |       |     1 |       ||     1
  Use: Scroll            |     5 |     7 |     2 |    18 |    11 |    21 ||    64
       Potion            |     1 |     4 |     7 |    11 |     6 |    19 ||    48
 Stab: Distracted        |       |     1 |       |       |       |     1 ||     2
       Sleeping          |       |     1 |    13 |     3 |       |       ||    17
       Invisible         |       |       |       |     2 |       |       ||     2
       Held in net/web   |       |       |       |       |     9 |     4 ||    13
       Confused          |       |       |       |       |     2 |       ||     2
  Eat: Chunk             |     1 |     9 |    11 |    43 |    70 |    36 ||   170
       Beef jerky        |       |       |     1 |     2 |     1 |       ||     4
       Royal jelly       |       |       |       |     1 |       |     1 ||     2
       Meat ration       |       |       |       |       |       |     2 ||     2
       Bread ration      |       |       |       |       |       |     3 ||     3
Armor: Scale mail        |    77 |    77 |       |       |       |       ||   154
       Skin              |       |    14 |       |       |       |    41 ||    55
       Leather armour    |       |     6 |   123 |    29 |       |       ||   158
       Plate armour      |       |       |       |   856 |  1602 |  1672 ||  4130
Dodge: Dodged            |    41 |    71 |   142 |   575 |  1292 |  1413 ||  3534
Block: Shield            |    75 |   108 |   164 |   786 |  1473 |  1196 ||  3802
       Rpst.: Long sword |    12 |    27 |    14 |       |       |       ||    53
       Demon blade       |       |       |       |       |       |   243 ||   243
